 Seeded DCSS version 0.29-a0-582-ge82337ba6a (webtiles) character file.

Game seed: 585938074022289478 (custom seed)

10252 happo123 the Grappler (level 11, -3/100 (105) HPs)
             Began as a Troll Warper on June 14, 2022.
             Was an Elder of Jiyva.
             Killed from afar by a gargoyle (22 damage)
             ... with a stone arrow
             ... on level 12 of the Dungeon.
             The game lasted 00:29:53 (9734 turns).

happo123 the Grappler (Troll Warper)                Turns: 9734, Time: 00:29:55

HP:   -3/100 (105)  AC: 12    Str: 27    XL:     11   Next: 33%
MP:   10/16         EV: 12    Int: 15    God:    Jiyva [****..]
Gold: 398           SH:  0    Dex:  9    Spells: 8/19 levels left

rFire   + . .      SeeInvis +     - Unarmed
rCold   + + +      Faith    .   (no shield)
rNeg    . . .      Spirit   .   L - +4 skin of Zhor {*Englaciate rC+++ SInv}
rPois   .          Reflect  .   (helmet restricted)
rElec   .          Harm     .   i - +0 cloak
rCorr   +          Rampage  .   (gloves unavailable)
Will    +....                   (boots unavailable)
Stlth   +.........              (no amulet)
HPRegen 2.34/turn               C - ring of fire
MPRegen 0.55/turn               v - ring of Demons {rC+ Str+6 Int+2 SInv}

@: lightly drained
A: large, unfitting armour, claws 3, regeneration 1, shaggy fur 1, tough skin 1,
talons 3, iridescent scales 1, strong-willed 1, sense surroundings 1, gelatinous
body 1
a: Renounce Religion, Oozemancy, Slimify


You were on level 12 of the Dungeon.
You worshipped Jiyva.
Jiyva was greatly pleased with you.
You visited 2 branches of the dungeon, and saw 14 of its levels.

You collected 398 gold pieces.

Inventory:

Hand Weapons
 n - a +0 arbalest
 I - the +3 rapier of Kiar {vorpal, rElec rPois Dex-4 SInv}
   (You found it on level 10 of the Dungeon)

   It inflicts extra damage upon your enemies.
   Dex:       It affects your dexterity (-4).
   rElec:     It insulates you from electricity.
   rPois:     It protects you from poison.
   SInv:      It lets you see invisible.
Missiles
 c - 7 boomerangs of dispersal (quivered)
 l - 15 boomerangs
Armour
 a - a +0 robe
 i - a +0 cloak (worn)
 s - a +1 robe of fire resistance
 w - a scarf of harm
 J - a +0 troll leather armour
 L - the +4 skin of Zhor (worn) {*Englaciate rC+++ SInv}
   (You found it on level 13 of the Dungeon)

   It radiates cold, occasionally slowing all nearby creatures who are not
   resistant to cold.
   rC:        It renders you almost immune to cold.
   SInv:      It lets you see invisible.
Magical Staves
 m - a staff of fire
Jewellery
 v - the ring of Demons (right claw) {rC+ Str+6 Int+2 SInv}
   (You found it on level 5 of the Dungeon)

   [ring of strength]

   Str:       It affects your strength (+6).
   Int:       It affects your intelligence (+2).
   rC:        It protects you from cold.
   SInv:      It lets you see invisible.
 C - a ring of fire (left claw)
Wands
 H - a wand of flame (11)
Scrolls
 b - a scroll of blinking
 e - 2 scrolls of vulnerability {unknown}
 g - 2 scrolls of identify
 j - 2 scrolls of amnesia {unknown}
 k - a scroll of fear {unknown}
 q - a scroll of immolation {unknown}
 x - 2 scrolls of teleportation {unknown}
 y - a scroll of acquirement
 D - a scroll of poison
 K - a scroll of enchant armour {unknown}
Potions
 d - a potion of berserk rage {unknown}
 f - 2 potions of invisibility {unknown}
 h - 7 potions of curing
 o - a potion of cancellation {unknown}
 p - 3 potions of degeneration {unknown}
 r - 3 potions of brilliance {unknown}
 t - 2 potions of magic {unknown}
 u - a potion of flight {unknown}
 z - a potion of ambrosia {unknown}
 A - a potion of mutation {unknown}
 B - a potion of lignification {unknown}
 E - a potion of attraction {unknown}
 F - a potion of resistance
Miscellaneous
 G - a box of beasts


   Skills:
 + Level 5.8 Fighting
 - Level 0.8 Throwing
 + Level 5.9 Dodging
 * Level 9.9 Unarmed Combat
 + Level 4.5 Spellcasting
 * Level 7.8 Translocations


You had 8 spell levels left.
You knew the following spells:

 Your Spells              Type           Power      Damage    Failure   Level
a - Blink                 Tloc           52%        N/A       1%          2
b - Gell's Gravitas       Tloc           26%        N/A       1%          3
c - Lesser Beckoning      Tloc           26%        N/A       1%          3
d - Teleport Other        Tloc           26%        N/A       1%          3

Your spell library contained the following spells:

 Spells                   Type           Power      Damage    Failure   Level
 Manifold Assault         Tloc           26%        N/A       19%         5
 Ozocubu's Armour         Ice            3%         N/A       45%         3
 Ozocubu's Refrigeration  Ice            1%         4d5       100%        7


Dungeon Overview and Level Annotations

Branches:
Dungeon (13/15)            Temple (1/1) D:4            Lair (0/6) D:8
    Orc: D:9-12      Vaults: D:13-14

Altars:
Ashenzari
Cheibriados
Dithmenos
Elyvilon
Fedhas
Gozag
Hepliaklqana
Kikubaaqudgha
Makhleb
Nemelex Xobeh
Okawaru
Qazlal
Ru
Sif Muna
Trog
Uskayaw
Vehumet
Wu Jian
Xom
Yredelemnul
Zin
The Shining One
Jiyva


Innate Abilities, Weirdness & Mutations

You are too large for most types of armour.
You have claws for hands.
Your natural rate of healing is unusually fast.
You are covered in fur. (AC +1)
You have tough skin. (AC +1)
You have claws for feet.
You are partially covered in iridescent scales. (AC +2)
You are strong-willed. (Will+)
You passively map a small area around you.
Your rubbery body absorbs attacks. (AC +1, EV +1)


Message History

You feel stable enough to blink again.
The gargoyle hurls a stone arrow at you.
The stone arrow hits you!!
* * * LOW HITPOINT WARNING * * *
The gargoyle disappears!
Casting: Teleport Other (safe; 1% risk of failure)
Confirm with . or Enter, or press ? or * to list all spells.
You blink.
Casting: Blink (safe; 1% risk of failure)
Confirm with . or Enter, or press ? or * to list all spells.
You are still too unstable to blink.
Found 5 poisoned darts.
You feel stable enough to blink again.
The gargoyle hurls a stone arrow at you.
The stone arrow hits you!!
* * * LOW HITPOINT WARNING * * *
Casting: Blink (safe; 1% risk of failure)
Confirm with . or Enter, or press ? or * to list all spells.
Aiming: Teleport Other (safe; 1% risk of failure)
Press: ? - help, Shift-Dir - straight line, f - gargoyle
Aim: a gargoyle, wielding a +0 flail of draining (heavily damaged, chance to affect: 49%)
The gargoyle looks slightly unstable.
You radiate an aura of cold.
The gargoyle seems to slow down.
Casting: Teleport Other (safe; 1% risk of failure)
Confirm with . or Enter, or press ? or * to list all spells.
Aiming: Teleport Other (safe; 1% risk of failure)
Press: ? - help, Shift-Dir - straight line, f - gargoyle
Aim: a gargoyle, wielding a +0 morningstar (chance to affect: 49%)
The gargoyle resists with some effort.
The gargoyle hurls a stone arrow at you.
The stone arrow misses you.
Casting: Teleport Other (safe; 1% risk of failure)
Confirm with . or Enter, or press ? or * to list all spells.
Aiming: Teleport Other (safe; 1% risk of failure)
Press: ? - help, Shift-Dir - straight line, f/p - gargoyle
Aim: a gargoyle, wielding a +0 morningstar (chance to affect: 49%)
The gargoyle resists with some effort.
The gargoyle hurls a stone arrow at you.
The stone arrow hits you!!
You die...

,
######..#####+#........
,
#........9.............
*#......................
,
#...ยง.......9..........
########..##9.....#####
##.##......# #..#......#
, * #####+#9.....# ,
#...@........#
#............#
#....(.#+###... , ,
#......# .## * #......#
* *,# #......# * ,
#......# , #......# ,* ,
, ,


You could see a gargoyle.

Vanquished Creatures
  The ghost of spaghetti the Basher, a journeyman GnBe of Trog (D:10)
  A boulder beetle (D:13)
  A two-headed ogre (D:9)
  A tengu warrior (D:13)
  A centaur zombie (D:10)
  2 gargoyles
  An unseen horror zombie (D:10)
  2 trolls
  A hornet (D:7)
  Grinder (D:6)
  Sigmund (D:4)
  12 yaks
  4 vampire mosquitoes (D:13)
  2 water moccasins
  2 ice beasts
  An orc warrior (D:8)
  3 black bears
  A sky beast (D:7)
  2 ogres
  3 centaurs
  3 bullfrogs
  A necrophage (D:4)
  A gnoll sergeant (D:8)
  5 scorpions
  4 wights (D:7)
  9 killer bees
  7 howler monkeys
  A jelly (D:4)
  A crimson imp (D:8)
  3 orc priests (D:8)
  A hound (D:6)
  Crazy Yiuf (D:5)
  A gnoll shaman (D:9)
  2 iguanas
  11 orc wizards
  A statue (D:4)
  11 gnolls
  2 adders (D:2)
  A shadow imp (D:7)
  2 white imps
  3 ufetubi
  2 worms (D:2)
  2 dart slugs (D:1)
  18 orcs
  10 ball pythons
  4 endoplasms
  7 giant cockroaches
  6 goblins
  9 hobgoblins
  8 jackals (D:1)
  A quokka (D:2)
  4 bats
  5 frilled lizards (D:1)
  4 kobolds
  4 rats
198 creatures vanquished.

Vanquished Creatures (others)
  The ghost of Drazool the Thaumaturge, a novice DjAE of Ashenzari (D:8)
  A bullfrog (D:8)
  A scorpion (D:8)
  19 jellies
  2 orc wizards
  2 gnolls (D:6)
  3 adders
  A shadow imp (D:8)
  A white imp (D:6)
  An ufetubus (D:6)
  2 orcs (D:6)
  A ball python (D:4)
  18 fungi
  26 plants
  2 withered plants (D:8)
81 creatures vanquished.

Grand Total: 279 creatures vanquished

Notes
Turn   | Place    | Note
-------+----------+-------------------------------------------
     0 | D:1      | happo123 the Troll Warper began the quest for the Orb.
     0 | D:1      | Reached XP level 1. HP: 19/19 MP: 1/1
   215 | D:1      | Reached XP level 2. HP: 26/28 MP: 3/3
   451 | D:1      | Reached XP level 3. HP: 33/35 MP: 4/4
   962 | D:2      | Reached XP level 4. HP: 42/42 MP: 5/5
  2381 | D:3      | Reached skill level 3 in Unarmed Combat
  2503 | D:3      | Found a faded altar of an unknown god.
  2643 | D:4      | Reached XP level 5. HP: 37/49 MP: 6/6
  2678 | D:4      | Noticed a black bear
  2681 | D:4      | Found a staircase to the Ecumenical Temple.
  2690 | D:4      | Killed a black bear
  2700 | Temple   | Entered the Ecumenical Temple
  2713 | Temple   | Became a worshipper of Jiyva Joywnoca the Shapeless
  2860 | D:4      | Noticed Sigmund
  2880 | D:4      | Killed Sigmund
  2881 | D:4      | Reached skill level 4 in Unarmed Combat
  2881 | D:4      | Reached XP level 6. HP: 15/59 MP: 6/8
  3082 | D:4      | Reached XP level 7. HP: 66/66 MP: 9/9
  3173 | D:4      | Found a radiant altar of Vehumet.
  3323 | D:4      | Found a shimmering blue altar of Sif Muna.
  3405 | D:4      | Learned a level 2 spell: Blink
  3409 | D:4      | Learned a level 3 spell: Gell's Gravitas
  3413 | D:4      | Learned a level 3 spell: Lesser Beckoning
  3414 | D:5      | Entered Level 5 of the Dungeon
  3441 | D:5      | Reached * piety under Jiyva
  3498 | D:5      | Found a sparkling altar of Nemelex Xobeh.
  3714 | D:5      | Identified the ring of Demons {rC+ Str+6 Int+2 SInv}
  3793 | D:5      | Reached ** piety under Jiyva
  3854 | D:5      | Found a white marble altar of Elyvilon.
  4365 | D:5      | Found a runed translucent door.
  4366 | D:5      | Noticed Crazy Yiuf
  4380 | D:5      | Killed Crazy Yiuf
  4529 | D:6      | Reached skill level 5 in Unarmed Combat
  4659 | D:6      | Noticed Grinder
  4688 | D:6      | Killed Grinder
  4689 | D:6      | Reached XP level 8. HP: 60/75 MP: 10/10
  4693 | D:6      | Learned a level 3 spell: Teleport Other
  4859 | D:6      | Found a shadowy altar of Dithmenos.
  4897 | D:6      | Reached *** piety under Jiyva
  5158 | D:6      | Gained mutation: You are strong-willed. (Will+) [Jiyva's
                  | grace]
  5158 | D:6      | Gained mutation: You are highly strong-willed. (Will++)
                  | [Jiyva's grace]
  5158 | D:6      | Gained mutation: You are extremely strong-willed. (Will+++)
                  | [Jiyva's grace]
  5158 | D:6      | Gained mutation: You are covered in slimy tendrils that may
                  | disarm your opponents. [Jiyva's grace]
  5734 | D:7      | Reached **** piety under Jiyva
  5869 | D:7      | Reached skill level 6 in Unarmed Combat
  5889 | D:7      | Reached skill level 5 in Translocations
  5949 | D:7      | Noticed a hornet
  5959 | D:7      | Killed a hornet
  6017 | D:7      | Found a sacrificial altar of Ru.
  6076 | D:7      | Reached XP level 9. HP: 76/78 MP: 12/12
  6116 | D:7      | Found a hazy altar of Hepliaklqana.
  6117 | D:7      | Found a shimmering altar of Xom.
  6118 | D:7      | Noticed a spectral ugly thing
  6118 | D:7      | Noticed a green ugly thing
  6283 | D:7      | Found a hide-covered altar of Uskayaw.
  6436 | D:7      | Found an opulent altar of Gozag.
  6565 | D:8      | Reached skill level 7 in Unarmed Combat
  6800 | D:8      | Found a staircase to the Lair.
  6889 | D:8      | Found a burning altar of Makhleb.
  6968 | D:8      | Found a runed translucent door.
  6969 | D:8      | Noticed Drazool's ghost (novice DjAE)
  7237 | D:8      | Lost mutation: You are extremely strong-willed. (Will+++)
                  | [Jiyva's grace]
  7237 | D:8      | Lost mutation: You are highly strong-willed. (Will++)
                  | [Jiyva's grace]
  7237 | D:8      | Lost mutation: You are covered in slimy tendrils that may
                  | disarm your opponents. [Jiyva's grace]
  7237 | D:8      | Gained mutation: You are partially covered in iridescent
                  | scales. (AC +2) [Jiyva's grace]
  7237 | D:8      | Gained mutation: You are mostly covered in iridescent
                  | scales. (AC +4) [Jiyva's grace]
  7237 | D:8      | Gained mutation: You are completely covered in iridescent
                  | scales. (AC +6) [Jiyva's grace]
  7237 | D:8      | Gained mutation: Your rubbery body absorbs attacks. (AC +1,
                  | EV +1) [Jiyva's grace]
  7304 | D:8      | Killed Drazool's ghost
  7423 | D:9      | Noticed a two-headed ogre
  7428 | D:9      | Noticed a troll
  7434 | D:9      | Reached XP level 10. HP: 69/94 MP: 11/14
  7437 | D:9      | Killed a two-headed ogre
  7438 | D:9      | Reached skill level 5 in Dodging
  7438 | D:9      | Reached skill level 8 in Unarmed Combat
  7525 | D:9      | Reached skill level 5 in Fighting
  7845 | D:10     | Entered Level 10 of the Dungeon
  7859 | D:10     | Noticed a gargoyle
  7871 | D:10     | Killed a gargoyle
  7976 | D:10     | Identified the +3 rapier of Kiar {vorpal, rElec rPois Dex-4
                  | SInv}
  8084 | D:10     | Noticed Nergalle
  8106 | D:10     | Slimified Nergalle
  8106 | D:10     | Noticed Nergalle
  8106 | D:10     | Nergalle changed into Nergalle the slime creature
  8302 | D:10     | Found an ornate altar of the Wu Jian Council.
  8398 | D:10     | Found a runed translucent gate.
  8398 | D:10     | Found a runed translucent gate.
  8398 | D:10     | Found a runed translucent gate.
  8398 | D:10     | Noticed spaghetti's ghost (journeyman GnBe)
  8400 | D:10     | Found a basalt altar of Yredelemnul.
  8417 | D:10     | Reached skill level 9 in Unarmed Combat
  8449 | D:10     | Killed spaghetti's ghost
  8570 | D:10     | Reached XP level 11. HP: 73/104 MP: 16/16
  8866 | D:10     | Identified a scroll of acquirement
  8873 | D:11     | You fall into a shaft and drop 2 floors!
  8975 | D:13     | Noticed a boulder beetle
  8991 | D:13     | Killed a boulder beetle
  9044 | D:13     | Reached ***** piety under Jiyva
  9081 | D:13     | Found a gate leading to a gauntlet.
  9101 | D:13     | Lost mutation: You are completely covered in iridescent
                  | scales. (AC +6) [Jiyva's grace]
  9101 | D:13     | Lost mutation: You are mostly covered in iridescent scales.
                  | (AC +4) [Jiyva's grace]
  9101 | D:13     | Gained mutation: You have sharp toenails. [Jiyva's grace]
  9101 | D:13     | Gained mutation: You have razor-sharp toenails. [Jiyva's
                  | grace]
  9101 | D:13     | Gained mutation: You have claws for feet. [Jiyva's grace]
  9101 | D:13     | Gained mutation: You passively map a small area around you.
                  | [Jiyva's grace]
  9133 | D:13     | Found the +4 skin of Zhor {*Englaciate rC+++ SInv}
  9145 | D:13     | Noticed a tengu warrior
  9152 | D:13     | Killed a tengu warrior
  9198 | D:13     | Noticed a seven-headed hydra
  9292 | D:13     | Slimified a ten-headed hydra
  9292 | D:13     | a ten-headed hydra changed into a slime creature
  9726 | D:12     | HP: 1/100 [gargoyle/stone arrow (27)]
  9734 | D:12     | Killed from afar by a gargoyle

Illustrated notes

Levels and vault maps discovered:
D:1:      dpeg_arrival_rooms_a, layout_loops_cross, minmay_shallow_snake_nest
D:2:      layout_basic, ebering_dispersal_statue_hall, grunt_decor_arrowhead,
          grunt_ministairs_3
D:3:      layout_loops_ring, hellmonk_ecumenical_altar_leap_of_faith
D:4:      layout_gridville, lemuel_blue_sif_altar, vehumet_statue,
          minmay_temple_entry_glass, uniq_sigmund
D:5:      layout_loops_corners, nicolae_elyvilon_temple_path,
          amcnicky_altar_gilded, minmay_misc_feat_square,
          uniq_crazy_yiuf_cottage
D:6:      layout_layer_cave, nicolae_dithmenos_shadow_blocks, minivault_24,
          uniq_grinder
D:7:      layout_basic, regret_index_temple_of_mockery, grunt_gozag_statues,
          marbit_many_paths, mainiacjoe_overflow_paths
D:8:      layout_loops_cross, makhleb_grotto_becter,
          grunt_lair_entry_orc_guard_hut, gammafunk_ghost_grave
D:9:      layout_rooms
D:10:     layout_stronghold, nzn_wu_jian_contemplation,
          nicolae_yredelemnul_ghost_church, uniq_nergalle
D:11:     layout_loops_ring, serial_shops, shop
D:12:     layout_basic, hiddenorc1_lemuel
D:13:     layout_irregular_city, gauntlet_entry_generic,
          hangedman_abyss_or_decor_jellyfish_corner
Temple:   pf_slimified_temple

Skill      XL: |  1  2  3  4  5  6  7  8  9 10 |
---------------+-------------------------------+-----
Dodging        | 2 3 4 5 |  5.9
Fighting       | 2 3 4 5 |  5.8
Unarmed Combat | 3 4 5 6 7 9 |  9.9
Translocations | 3 4 5 6 7 |  7.8
Spellcasting   | 2 3 4 |  4.5
Throwing       | |  0.8

Action                   |  1- 3 |  4- 6 |  7- 9 | 10-12 || total
-------------------------+-------+-------+-------+-------++-------
Melee: Unarmed           |   110 |   149 |   315 |   197 ||   771
       Punch             |     2 |     4 |     8 |     9 ||    23
       Kick              |       |       |       |     8 ||     8
 Cast: Teleport Other    |       |       |       |     9 ||     9
       Blink             |       |       |       |     6 ||     6
       Gell's Gravitas   |       |       |       |     1 ||     1
Invok: Oozemancy         |       |       |     4 |     1 ||     5
       Slimify           |       |       |       |     2 ||     2
  Use: Scroll            |       |       |       |     3 ||     3
Armor: Robe              |    34 |    49 |    79 |    78 ||   240
       Troll leather arm |       |       |       |    30 ||    30
Dodge: Dodged            |    43 |    61 |   141 |   160 ||   405

Table legend: (Time is in decaauts)
 A = Elapsed time spent in this place.
 B = Non-inter-level travel time spent in this place.
 C = Inter-level travel time spent in this place.
 D = Time resting spent in this place.
 E = Time spent auto-exploring this place.
 F = Levels seen in this place.
 G = Mean time per level.
                   A        B        C        D        E       F      G
               +--------+--------+--------+--------+--------+-----+--------+
         Total |   9651 |   9154 |    497 |     56 |   7504 |  14 |  689.4 |
       Dungeon |   9569 |   9103 |    466 |     56 |   7459 |  13 |  736.1 |
        Temple |     81 |     50 |     31 |      0 |     45 |   1 |   81.0 |
               +--------+--------+--------+--------+--------+-----+--------+

Top non-repeatable levels by time:
     D:6: 1224 daAuts
     D:2: 1194 daAuts
     D:5: 1010 daAuts
    D:10: 1007 daAuts
     D:8: 860 daAuts
     D:7: 845 daAuts
    D:13: 815 daAuts
     D:1: 805 daAuts
     D:4: 751 daAuts
     D:3: 565 daAuts
     D:9: 448 daAuts
  Temple: 81 daAuts
    D:12: 37 daAuts
    D:11: 3 daAuts
